Match 39541529
Unlisted

Match 39541529
End
Scout Squad
Construct Barracks
Selects Heavy Weapons
Riflemen Squad
Riflemen Squad
Construct Weapon Support Center
M1919 Machine Gun Team
Selects M2HB .50cal Heavy Machine Gun
Mechanized Support Center
M3 Armored Personnel Carrier
Construct Medical Station
Engineer Squad
M1919 Machine Gun Team
Grenade Package
Designate Forward Repair Station
Riflemen Squad
M1918 Browning Automatic Rifles
Construct Tank Depot
Bazooka Squad
Selects Rapid Reposition
Selects Bolstered Team Weapons
M4A1 Sherman Medium Tank
Engineer Squad
M4A1 Sherman Medium Tank
Designate Forward Repair Station
M4A1 Sherman Medium Tank
Selects Assault Carriers
Selects Halftrack Strongpoints
Riflemen Squad
BigTiddyLebron
kreumat
DevilDjinn
[H-Break´Z] TestoBoy
0
0

Comments sign in to comment!

No comments posted yet!